 Dungeon Crawl Stone Soup version 0.21-a0-241-g2cbab09 (webtiles) character file.

800 Jeffwins the Cleaver (level 7, -9/57 HPs)
             Began as a Hill Orc Fighter on Sept 4, 2017.
             Was an Initiate of Beogh.
             Mangled by a two-headed ogre
             ... wielding a +0 giant club
              (20 damage)
             ... on level 6 of the Dungeon.
             The game lasted 00:04:28 (4223 turns).

Jeffwins the Cleaver (Hill Orc Fighter)             Turns: 4223, Time: 00:04:29

Health: -9/57      AC:  8    Str: 21    XL:     7   Next: 90%
Magic:  7/7        EV:  7    Int:  8    God:    Beogh [......]
Gold:   203        SH:  9    Dex: 10    Spells: 6/6 levels left

rFire    . . .     SeeInvis .   o - +2 whip (venom)
rCold    . . .     Gourm    .   c - +0 shield
rNeg     . . .     Faith    .   b - +0 scale mail
rPois    .         Spirit   .   n - +0 helmet
rElec    .         Reflect  .   (no cloak)
rCorr    .         Harm     .   (no gloves)
MR       .....                  (no boots)
Stlth    ..........             (no amulet)
HPRegen  0.19/turn              (no ring)
MPRegen  0.10/turn              (no ring)

@: no status effects
A: no striking features
a: Renounce Religion


You were on level 6 of the Dungeon.
You worshipped Beogh.
Beogh was noncommittal.
You were near starving.

You visited 1 branch of the dungeon, and saw 6 of its levels.

You collected 203 gold pieces.

Inventory:

Hand Weapons
 a - a +0 war axe
 k - a +1 whip of flaming
 o - a +2 whip of venom (weapon)
Armour
 b - a +0 scale mail (worn)
 c - a +0 shield (worn)
 n - a +0 helmet (worn)
Jewellery
 s - an uncursed ring of wizardry {unknown}
 D - an uncursed ring of poison resistance {unknown}
Wands
 p - a wand of polymorph (8/24)
 t - a wand of lightning (3/15)
 y - a wand of paralysis (13/24)
Scrolls
 g - 4 scrolls of identify {unknown}
 i - 4 scrolls of remove curse {unknown}
 j - a scroll of amnesia {unknown}
 m - 4 scrolls of teleportation {unknown}
 v - a scroll of blinking {unknown}
 B - a scroll of fog {unknown}
 C - a scroll of magic mapping {unknown}
Potions
 d - 3 potions of might
 e - a potion of heal wounds
 h - 3 potions of curing {unknown}
 l - a potion of cancellation {unknown}
 q - 2 potions of degeneration {unknown}
 w - a potion of berserk rage {unknown}
 z - a potion of flight {unknown}
 E - a potion of brilliance {unknown}
Books
 r - a book of Minor Magic

   Spells                             Type                      Level
   a - Magic Dart                     Conjuration                  1
   b - Blink                          Translocation                2
   c - Call Imp                       Summoning                    2
   d - Slow                           Hexes                        2
   e - Conjure Flame                  Conjuration/Fire             3
   f - Mephitic Cloud                 Conjuration/Poison/Air       3
 A - a book of Cantrips

   Spells                             Type                      Level
   a - Confusing Touch                Hexes                        1
   b - Animate Skeleton               Necromancy                   1
   c - Summon Small Mammal            Summoning                    1
   d - Apportation                    Translocation                1
Comestibles
 f - 3 bread rations
 u - 3 fruits
 x - 5 royal jellies


   Skills:
 - Level 3.6 Fighting
 + Level 11.2 Axes
 - Level 3.2 Armour
 - Level 3.2 Shields


You had 6 spell levels left.
You didn't know any spells.

Dungeon Overview and Level Annotations

Branches:
Dungeon (6/15)             Temple (0/1) D:5

Altars:
Dithmenos
Yredelemnul


Message History

You hit the two-headed ogre but do no damage.
The two-headed ogre is poisoned.
You block the two-headed ogre's attack. x2
Your shield and scale mail prevent you from hitting the two-headed ogre.
The two-headed ogre hits you with a giant club!!
The two-headed ogre hits you with a giant club.
You hear an angry hiss.
You hit the two-headed ogre.
The two-headed ogre looks as sick as possible!
The two-headed ogre is lightly wounded.
An iguana comes into view.
You hit the two-headed ogre but do no damage.
The two-headed ogre is lightly wounded.
The two-headed ogre hits you with a giant club!
The two-headed ogre hits you with a giant club.
The iguana bites you. The iguana bites you!
* * * LOW HITPOINT WARNING * * *
You see here a cloak.
The two-headed ogre hits you with a giant club!!
You die...

#.# #.# #.. #.##
#.<# #..# ##..#
#...# #.@## #.O#
#.l# #..# #..#
###
##.##########...#
#.....[.........#
#..##...........#
#..##...........#


You could see a two-headed ogre and an iguana.

Vanquished Creatures
  A sky beast (D:5)
  3 ogres
  A centaur (D:5)
  2 scorpions (D:5)
  2 worker ants
  A gnoll (D:1)
  9 adders
  A shadow imp (D:4)
  2 oozes
  3 worms
  4 dart slugs
  6 leopard geckos
  9 orcs
  5 bats
  6 giant cockroaches
  2 gnoll zombies (D:4)
  A hobgoblin (D:2)
  4 jackals (D:3)
  2 quokkas
  A ball python skeleton (D:4)
  4 frilled lizards
  7 goblins
  9 kobolds
  5 rats
90 creatures vanquished.

Vanquished Creatures (others)
  An orc priest (D:5)
1 creature vanquished.

Grand Total: 91 creatures vanquished

Notes
Turn   | Place    | Note
-------+----------+-------------------------------------------
     0 | D:1      | Jeffwins the Hill Orc Fighter began the quest for the Orb.
     0 | D:1      | Reached XP level 1. HP: 19/19 MP: 1/1
    42 | D:1      | Reached skill level 3 in Axes
   138 | D:1      | Reached XP level 2. HP: 26/26 MP: 2/2
   223 | D:1      | Reached skill level 4 in Axes
   259 | D:1      | Reached XP level 3. HP: 24/31 MP: 3/3
   464 | D:2      | Reached skill level 5 in Axes
   773 | D:2      | Reached XP level 4. HP: 33/39 MP: 4/4
   954 | D:2      | Reached skill level 6 in Axes
  1375 | D:3      | Reached XP level 5. HP: 31/45 MP: 5/5
  1516 | D:3      | Reached skill level 7 in Axes
  2280 | D:4      | Noticed an ogre
  2482 | D:4      | Killed an ogre
  2482 | D:4      | Reached skill level 8 in Axes
  2482 | D:4      | Reached XP level 6. HP: 19/51 MP: 6/6
  2597 | D:4      | Reached skill level 9 in Axes
  2942 | D:4      | Found a basalt altar of Yredelemnul.
  2972 | D:4      | Found a shadowy altar of Dithmenos.
  3051 | D:5      | Entered Level 5 of the Dungeon
  3141 | D:5      | Reached XP level 7. HP: 48/57 MP: 7/7
  3323 | D:5      | Reached skill level 10 in Axes
  3450 | D:5      | Became a worshipper of Beogh the Brigand
  3630 | D:5      | Found a staircase to the Ecumenical Temple.
  3884 | D:5      | Reached skill level 11 in Axes
  4204 | D:6      | Noticed a two-headed ogre
  4223 | D:6      | Mangled by a two-headed ogre

Vault maps used:
D:1:      lightli_arrival_noodles
D:3:      minmay_misc_feat_doors
D:4:      lemuel_zombie_altar_yredelemnul, grunt_dithmenos_shadows, first_bread
D:5:      minmay_temple_entry_glassed_door, serial_co_window_serial,
          co_window_paths_a, co_window_paths_a, co_window_paths_b,
          co_window_paths_b, co_window_of_opportunity_a, co_window_cross_1,
          co_window_2corner, co_window_cross_3, co_window_corner_b,
          co_window_corner_b, co_window_paths_e, co_window_4corner_b,
          glass_columns_a
D:6:      cheibrodos_fertilizer, uniq_prince_ribbit1

Skill      XL: |  1  2  3  4  5  6  7 |
---------------+----------------------+-----
Axes           | 3 4 5 6 8 9 11 | 11.2
Fighting       | |  3.6
Armour         | |  3.2
Shields        | |  3.2

Action                   |  1- 3 |  4- 6 |  7- 9 || total
-------------------------+-------+-------+-------++-------
Melee: War axe           |    30 |       |       ||    30
       Whip              |    41 |   166 |    62 ||   269
Invok: Convert to Beogh  |       |       |     1 ||     1
  Use: Potion            |       |     2 |       ||     2
  Eat: Chunk             |       |     6 |     3 ||     9
Armor: Scale mail        |    29 |    55 |    12 ||    96
Dodge: Dodged            |    13 |    36 |    11 ||    60
Block: Shield            |    30 |    56 |    21 ||   107

Table legend:
 A = Spawn XP
 B = Non-spawn XP
 C = Spawn XP percentage of total XP
 D = Spawn monster count
 E = Non-spawn monster count
 F = Spawn count percentage of total count
 G = Total turns spent on level
                    A         B        C        D         E        F      G
               +---------+---------+-------+---------+---------+-------+---------
         Total |     174 |     970 |  15.2 |      10 |      81 |  11.0 |  4223
               +---------+---------+-------+---------+---------+-------+---------
           D:1 |       4 |      41 |   8.9 |       1 |      17 |   5.6 |   453
           D:2 |      10 |      95 |   9.5 |       3 |      18 |  14.3 |   851
           D:3 |       4 |      59 |   6.3 |       2 |      17 |  10.5 |   791
           D:4 |       2 |     306 |   0.6 |       1 |      13 |   7.1 |   956
           D:5 |     154 |     466 |  24.8 |       3 |      15 |  16.7 |  1131
           D:6 |       0 |       3 |   0.0 |       0 |       1 |   0.0 |    41
               +---------+---------+-------+---------+---------+-------+---------
